 Dungeon Crawl Stone Soup version 0.17.0-28-g6e173f8 (webtiles) character file.

4174 dohliylev the Cleaver (level 10, -1/88 HPs)
             Began as a Minotaur Fighter on Nov 27, 2015.
             Was a Believer of Cheibriados.
             Slain by an orc warrior
             ... wielding a +0 long sword
              (7 damage)
             ... on level 9 of the Dungeon.
             The game lasted 00:44:36 (6115 turns).

dohliylev the Cleaver (Minotaur Fighter)            Turns: 6115, Time: 00:44:36

Health: -1/88      AC: 13    Str: 31    XL:     10   Next: 8%
Magic:  9/9        EV: 12    Int: 11    God:    Cheibriados [**....]
Gold:   532        SH: 13    Dex: 15    Spells: 0 memorised, 9 levels left

rFire  . . .     SeeInvis .     a - +0 war axe
rCold  . . .     Clarity  .     v - +2 chain mail {rN+}
rNeg   + . .     SustAt   .     c - +0 shield
rPois  .         Gourm    .     (helmet restricted)
rElec  .         Spirit   .     (no cloak)
rCorr  .         Warding  .     (no gloves)
rMut   .         Stasis   .     (no boots)
MR     .....                    p - amulet of regeneration
Stlth  ..........               (no ring)
                                M - +2 ring of evasion

@: very slow, not resistant to hostile enchantments, extremely unstealthy
A: retaliatory headbutt, horns 2
a: Bend Time, Renounce Religion


You were on level 9 of the Dungeon.
You worshipped Cheibriados.
Cheibriados was pleased with you.
You were hungry.

You visited 2 branches of the dungeon, and saw 10 of its levels.

You collected 532 gold pieces.

Inventory:

Hand Weapons
 a - a +0 war axe (weapon)
 F - the +3 dagger of Infinity {flame, Dex+2}
   (You found it on level 6 of the Dungeon)

   It has been specially enchanted to burn those struck by it, causing extra
   injury to most foes and up to half again as much damage against particularly
   susceptible opponents.
   It affects your dexterity (+2).
Missiles
 n - a throwing net (quivered)
Armour
 c - a +0 shield (worn)
 t - a +0 plate armour
 v - a +2 chain mail of positive energy (worn)
 y - a +0 plate armour
 L - a shadow dragon hide
Jewellery
 b - an uncursed amulet of guardian spirit
 p - an amulet of regeneration (around neck)
 I - an uncursed amulet of resist corrosion
 M - a +2 ring of evasion (left hand)
Wands
 r - a wand of magic darts (29)
 G - a wand of digging (18)
 H - a wand of digging (12)
 J - a wand of slowing (13)
Scrolls
 f - 2 scrolls of enchant weapon
 h - 2 scrolls of fear
 i - a scroll of amnesia
 j - 4 scrolls of enchant armour
 k - 4 scrolls of teleportation
 o - a scroll of magic mapping
 q - 2 scrolls of immolation
 u - a scroll of identify
 A - 2 scrolls of recharging {unknown}
 O - a scroll of fog {unknown}
Potions
 d - 4 potions of might
 g - 3 potions of brilliance {unknown}
 x - 3 potions of resistance {unknown}
 z - a potion of invisibility {unknown}
 C - a potion of mutation {unknown}
 D - 2 potions of magic {unknown}
 E - a potion of cure mutation {unknown}
 N - a potion of agility {unknown}
Books
 B - a book of Dreams

   Spells                             Type                      Level
   a - Ensorcelled Hibernation        Hexes/Ice                    2
   b - Phase Shift                    Translocation                5
   c - Shadow Creatures               Summoning                    5
   d - Silence                        Hexes/Air                    5
   e - Darkness                       Hexes                        6
   f - Mass Confusion                 Hexes                        6
 K - a book of Cantrips

   Spells                             Type                      Level
   a - Corona                         Hexes                        1
   b - Animate Skeleton               Necromancy                   1
   c - Summon Small Mammal            Summoning                    1
   d - Apportation                    Translocation                1
Comestibles
 e - 5 bread rations
 l - 3 fruits
 m - 3 beef jerkies
 s - 2 slices of pizza
 w - 4 meat rations


   Skills:
 + Level 8.3 Fighting
 + Level 9.5 Axes
 + Level 9.2 Armour
 + Level 4.7 Dodging
 + Level 8.9 Shields
 + Level 0.4 Invocations


You had 9 spell levels left.
You didn't know any spells.

Dungeon Overview and Level Annotations

Branches:
Dungeon (9/15)             Temple (1/1) D:6
   Lair: D:8-11         Orc: D:9-12

Altars:
Ashenzari
Cheibriados
Elyvilon
Fedhas
Gozag
Kikubaaqudgha
Makhleb
Nemelex Xobeh
Ru
Sif Muna
Xom
Yredelemnul
Zin
The Shining One

Shops:
D:5 *


Innate Abilities, Weirdness & Mutations

You reflexively headbutt those who attack you in melee.
You have a pair of horns on your head.


Message History

An orc comes into view. It is wielding a mace.
The orc shouts!
The orc moves out of view.
The orc warrior hits you with a long sword.
* * * LOW HITPOINT WARNING * * *
You block the orc's attack.
An orc comes into view. It is wielding a trident.
The orc priest casts a cantrip, but nothing happens.
You block the orc warrior's attack.
An orc warrior comes into view. It is wielding a dire flail.
The orc warrior shouts!
An orc wizard appears from thin air!
Reactivating autopickup.
The orc priest casts a cantrip, but nothing happens.
The orc priest mumbles some strange prayers to Beogh against you.
Something smites you!
* * * LOW HITPOINT WARNING * * *
The orc wizard looks braver for a moment.
The orc warrior hits you with a long sword!
You die...

#. ##...## #...##
#.##.....## #...#
#.##......# #...#
#.##.._...###...#
#.##........#...##
###...............#. .
+................##.
....#................##.
...>...@.............##.
......##o............##.
....## #o...............
... #o8≈≈≈≈≈≈≈≈≈≈≈≈≈≈ ..
#.≈8≈≈≈≈≈≈≈≈≈≈≈≈≈
#o≈≈oo###########
#.≈≈.#oo. #.≈≈##ooo
#...o


.oo You could see an orc warrior, 2 orc priests, an orc wizard and 6 orcs.

Vanquished Creatures
  Pikel (D:5)
  Joseph (D:8)
  A troll (D:9)
  Grinder (D:5)
  A hungry ghost (D:7)
  Duvessa (D:5)
  2 sky beasts
  4 phantoms
  4 ogres
  An orc warrior (Temple)
  A slave (D:5)
  A black bear (D:7)
  5 centaurs
  Blork the orc (D:6)
  Dowan (D:5)
  A giant frog (D:9)
  2 scorpions (D:8)
  2 electric eels (D:9)
  3 centaur zombies
  5 hounds
  A giant frog skeleton (D:8)
  2 quasits (D:7)
  2 jellies
  2 iguanas (D:8)
  A centaur skeleton (D:8)
  5 worker ants
  A killer bee zombie (D:7)
  2 orc wizards
  A worker ant zombie (D:8)
  12 gnolls
  8 adders
  2 adder zombies
  7 worms
  8 giant geckos
  15 orcs
  10 goblins
  4 hobgoblins
  6 jackals
  2 quokkas
  6 bats
  A giant gecko skeleton (D:7)
  A giant gecko zombie (D:6)
  4 giant newts
  6 kobolds
  8 rats
156 creatures vanquished.

Vanquished Creatures (others)
  A shadow imp (D:5)
1 creature vanquished.

Grand Total: 157 creatures vanquished

Notes
Turn   | Place    | Note
--------------------------------------------------------------
     0 | D:1      | dohliylev the Minotaur Fighter began the quest for the Orb.
     0 | D:1      | Reached XP level 1. HP: 19/19 MP: 0/0
   142 | D:1      | Reached skill level 4 in Fighting
   171 | D:1      | Reached XP level 2. HP: 25/27 MP: 1/1
   739 | D:2      | Reached XP level 3. HP: 30/33 MP: 2/2
   833 | D:2      | Reached skill level 1 in Dodging
   890 | D:2      | Found a shimmering altar of Xom.
   891 | D:2      | Found a shimmering altar of Xom.
   891 | D:2      | Found a shimmering altar of Xom.
   903 | D:2      | Found a shimmering altar of Xom.
  1124 | D:2      | Found a shattered altar of Ashenzari.
  1253 | D:2      | You fall through a shaft for 2 floors!
  1400 | D:4      | Reached XP level 4. HP: 40/40 MP: 3/3
  1581 | D:4      | Reached XP level 5. HP: 47/47 MP: 4/4
  2584 | D:3      | Reached skill level 5 in Fighting
  2590 | D:3      | Reached XP level 6. HP: 52/56 MP: 5/5
  2652 | D:3      | Found an ancient bone altar of Kikubaaqudgha.
  2672 | D:3      | Found an opulent altar of Gozag.
  2730 | D:3      | Found a white marble altar of Elyvilon.
  2810 | D:3      | Found a glowing golden altar of the Shining One.
  2858 | D:5      | Entered Level 5 of the Dungeon
  2994 | D:5      | Reached skill level 5 in Armour
  3106 | D:5      | Found a sparkling altar of Nemelex Xobeh.
  3108 | D:5      | Noticed Duvessa
  3108 | D:5      | Noticed Dowan
  3123 | D:5      | Killed Duvessa
  3123 | D:5      | Reached skill level 5 in Axes
  3123 | D:5      | Reached skill level 5 in Shields
  3130 | D:5      | Killed Dowan
  3130 | D:5      | Reached XP level 7. HP: 56/61 MP: 6/6
  3188 | D:5      | Found Xiepasun's Assorted Antiques.
  3247 | D:5      | Noticed Grinder
  3267 | D:5      | Killed Grinder
  3267 | D:5      | Reached skill level 6 in Armour
  3527 | D:5      | Noticed Pikel
  3540 | D:5      | Killed Pikel
  3540 | D:5      | Reached skill level 7 in Armour
  3540 | D:5      | Reached XP level 8. HP: 57/71 MP: 7/7
  3670 | D:6      | Found a staircase to the Ecumenical Temple.
  3676 | Temple   | Entered the Ecumenical Temple
  3694 | Temple   | Became a worshipper of Cheibriados the Contemplative
  3780 | D:6      | Noticed Blork the orc
  3787 | D:6      | Killed Blork the orc
  3995 | D:6      | Found a glowing silver altar of Zin.
  4053 | D:6      | Got a bloodstained dagger
  4054 | D:6      | Identified the +3 dagger of Infinity {flame, Dex+2} (You found it on level 6 of the Dungeon)
  4213 | D:6      | Reached * piety under Cheibriados
  4392 | D:7      | Reached XP level 9. HP: 79/79 MP: 8/8
  4435 | D:7      | Reached skill level 8 in Armour
  5323 | D:7      | Reached ** piety under Cheibriados
  5591 | D:8      | Noticed Joseph
  5613 | D:8      | Killed Joseph
  5613 | D:8      | Reached skill level 9 in Armour
  5639 | D:8      | Found a sparkling altar of Nemelex Xobeh.
  6084 | D:9      | Found a deep blue altar of Sif Muna.
  6087 | D:9      | Reached XP level 10. HP: 72/88 MP: 9/9
  6115 | D:9      | Slain by an orc warrior

Action                   |  1- 3 |  4- 6 |  7- 9 | 10-12 || total
-------------------------+-------+-------+-------+-------++-------
Melee: War axe           |   106 |   147 |   277 |     8 ||   538
Invok: Bend Time         |       |       |     1 |       ||     1
  Use: Scroll            |       |       |    12 |       ||    12
  Eat: Chunk             |     2 |     6 |     9 |       ||    17
